 Dungeon Crawl Stone Soup version 0.15-a0-406-g67ee53a (console) character file.

178 xw the Chopper (level 4, -2/39 HPs)
             Began as a Minotaur Fighter on May 4, 2014.
             Was an Initiate of Cheibriados.
             Killed from afar by Terence (6 damage)
             ... with a wand of flame
             ... on Level 3 of the Dungeon.
             The game lasted 00:00:55 (2154 turns).

xw the Chopper (Minotaur Fighter)                   Turns: 2154, Time: 00:00:55

HP  -2/39        AC 10     Str 23      XL: 4   Next: 89%
MP   2/2         EV  5     Int  6      God: Cheibriados [......]
Gold 48          SH 19     Dex 10      Spells:  0 memorised,  3 levels left

rFire  . . .     SeeInvis .     Y - +0 war axe {mapnotes,}
rCold  . . .     Clarity  .     h - +0 chain mail
rNeg   . . .     Conserve .     c - +0 shield
rPois  .         rCorr    .     (helmet restricted)
rElec  .         rRot     .     (no cloak)
SustAb + .       Spirit   .     (no gloves)
rMut   .         Warding  .     p - +0 pair of boots
Saprov . . .     Stasis   .     (no amulet)
MR     .....                    (no ring)
                                g - ring of sustain abilities

@: very slow, not resistant to hostile enchantments, extremely unstealthy
A: retaliatory headbutt, horns 2
a: Bend Time, Renounce Religion


You were on level 3 of the Dungeon.
You worshipped Cheibriados.
Cheibriados was noncommittal.
You were not hungry.

You visited 1 branch of the dungeon, and saw 3 of its levels.

You collected 48 gold pieces.

Inventory:

Hand weapons
 Y - a +0,+0 war axe (weapon) {mapnotes,}
Missiles
 f - 20 stones (quivered)
 i - 14 silver darts
Armour
 c - a +0 shield (worn)
 h - a +0 chain mail (worn)
 p - a +0 pair of boots (worn)
Comestibles
 a - 2 rotting chunks of orc flesh
 d - 3 bread rations
 j - a sausage
 l - 2 pears
 o - a meat ration
 q - a chunk of giant cockroach flesh
Scrolls
 k - a scroll of remove curse
 n - a scroll of recharging
 r - 3 scrolls of identify
Jewellery
 g - a ring of sustain abilities (left hand)
Potions
 b - a potion of lignification {unknown}
 e - a potion of might
 m - 4 potions of curing


   Skills:
 - Level 3.6 Fighting
 * Level 5.3 Axes
 + Level 2.3 Throwing
 - Level 3.6 Armour
 - Level 3.6 Shields


You had 3 spell levels left.
You didn't know any spells.

Dungeon Overview and Level Annotations

Branches:
Dungeon (3/15)

Altars:
Cheibriados

Annotations:
D:3 Terence


Innate Abilities, Weirdness & Mutations

You reflexively headbutt those who attack you in melee.
You have a pair of horns on your head.


Message History

2144 ||| turn
2145 ||| turn
2146 ||| turn Terence zaps a wand.
2147 ||| turn Terence zaps a wand.
2148 ||| turn Terence zaps a wand.
2149 ||| turn Terence zaps a wand.
2150 ||| turn Terence zaps a wand.
2151 ||| turn Terence zaps a wand.
2152 ||| turn Terence zaps a wand.
2153 ||| turn
2154 ||| turn Terence zaps a wand.
You die...

#.# #.# #.# #.#
####.# .<#.# #.#.#
#######.#.#####.#.#
.(((@(..H.........#
.########.#####.#.#
####.# #.# #....#
#.# #....# #.#
#....# #.# #....#
#.#.
###...)#####.#.#
+.....)......#.#


You could see Terence.

Vanquished Creatures
  2 gnolls (D:2)
  4 adders (D:2)
  2 worms (D:2)
  A giant gecko (D:1)
  An ooze (D:3)
  7 orcs (D:3)
  A ball python (D:1)
  3 giant cockroaches
  10 hobgoblins
  7 kobolds
  7 bats
  A giant newt (D:1)
  5 goblins
  5 rats
56 creatures vanquished.

Notes
Turn   | Place    | Note
--------------------------------------------------------------
     0 | D:1      | xw, the Minotaur Fighter, began the quest for the Orb.
     0 | D:1      | Reached XP level 1. HP: 19/19 MP: 1/1
   423 | D:1      | Reached XP level 2. HP: 24/26 MP: 1/1
   546 | D:1      | Reached skill level 1 in Throwing
   742 | D:1      | TESTING POTIONS
   743 | D:1      | TESTING POTIONS
   744 | D:1      | TESTING POTIONS
   745 | D:1      | TESTING SCROLLS
   746 | D:1      | TESTING SCROLLS
   747 | D:1      | TESTING SCROLLS
   748 | D:1      | TESTING SCROLLS
   749 | D:1      | Dropping junk: 2 rotting chunks of goblin flesh
   750 | D:1      | Dropping junk: rotting chunk of ball python flesh
   833 | D:2      | Reached XP level 3. HP: 26/31 MP: 2/2
  1194 | D:2      | Reached skill level 4 in Axes
  1356 | D:2      | Reached XP level 4. HP: 39/39 MP: 2/2
  1456 | D:2      | Found a snail-covered altar of Cheibriados.
  1467 | D:2      | Reached skill level 5 in Axes
  1474 | D:2      | Became a worshipper of Cheibriados the Contemplative
  1883 | D:2      | WEARING RING 1 copper ring
  1884 | D:2      | TESTING POTIONS
  1885 | D:2      | TESTING POTIONS
  1886 | D:2      | TESTING SCROLLS
  1887 | D:2      | TESTING SCROLLS
  1888 | D:2      | Dropping junk: wand of slowing {zapped: 7}
  1889 | D:2      | New armour: chain mail (1010)
  1889 | D:2      | Old armour: +0 scale mail (960)
  1904 | D:2      | New armour: pair of boots (10)
  1906 | D:2      | Dropping junk armour
  2144 | D:3      | Noticed Terence
  2154 | D:3      | Killed from afar by Terence

Action                   |  1- 3 |  4- 6 || total
-------------------------+-------+-------++-------
Melee: War axe           |    72 |    15 ||    87
Throw: Dart              |    33 |    36 ||    69
       Stone             |     3 |     9 ||    12
  Use: Scroll            |     4 |     2 ||     6
       Potion            |     3 |     2 ||     5

Vault maps used:
D:1:      dpeg_arrival_more_subterranean_lakeside_camping, serial_bayou_crossing
D:2:      cheibriados_altar_wand_db, first_bread
D:3:      uniq_terence
